 Dungeon Crawl Stone Soup version 0.30-a0-860-g512cf1e979 (webtiles) character file.

Game seed: 4076133204329872154

7578 lunkers the Basher (level 11, -13/97 (101) HPs)
             Began as a Meteoran Fighter on Mar 7, 2023.
             Was an Elder of Makhleb.
             Killed from afar by Lodul (15 damage)
             ... with a bolt of lightning
             ... on level 9 of the Dungeon on Mar 8, 2023.
             The game lasted 00:10:29 (5040 turns).

lunkers the Basher (Meteoran Fighter)               Turns: 5040, Time: 00:10:30

HP:   -13/97 (101)  AC: 17    Str: 24    XL:     11   Next: 66%
MP:   18/18         EV: 10    Int:  9    God:    Makhleb [****..]
Gold: 662           SH:  5    Dex: 13    Spells: 10/10 levels left

rFire   . . .      SeeInvis .    b - +0 morningstar
rCold   . . .      Faith    .    c - +0 buckler
rNeg    . . .      Spirit   .    r - +1 troll leather armour {Pargi}
rPois   +          Reflect  .    i - +1 helmet
rElec   .          Rampage  .    m - scarf {shadows}
rCorr   .                        G - +0 pair of gloves
Will    +....                    g - +2 pair of boots
Stlth   +                        (no amulet)
HPRegen 1.16/turn                w - ring of poison resistance
MPRegen 0.16/turn                t - +4 ring of protection

@: about to teleport, glowing, lightly drained
A: sense surroundings 2, otherworldly, glowing, explore regen
a: Renounce Religion, Minor Destruction, Lesser Servant of Makhleb, Major
Destruction


You were on level 9 of the Dungeon.
You worshipped Makhleb.
Makhleb was greatly pleased with you.
You visited 1 branch of the dungeon, and saw 10 of its levels.
You also visited: Sewer and Ossuary.

You collected 662 gold pieces.

Inventory:

Hand Weapons
 a - a +1 flail
 b - a +0 morningstar (weapon)
 F - a +0 dire flail
Missiles
 E - 2 throwing nets
Armour
 c - a +0 buckler (worn)
 g - a +2 pair of boots (worn)
 i - a +1 helmet (worn)
 m - a scarf of shadows (worn)
 r - a +1 troll leather armour (worn) {Pargi}
 G - a +0 pair of gloves (worn)
Jewellery
 h - a ring of wizardry
 t - a +4 ring of protection (right hand)
 v - a ring of protection from cold
 w - a ring of poison resistance (left hand)
 y - a ring of resist corrosion
 D - a +6 ring of strength
Wands
 C - a wand of flame (20)
 H - a wand of charming (1)
 I - a wand of digging (4)
Scrolls
 f - a scroll of teleportation
 k - 2 scrolls of enchant weapon
 A - a scroll of enchant armour
 K - a scroll of magic mapping
Potions
 d - 3 potions of might
 e - 3 potions of haste
 j - 3 potions of lignification
 l - 4 potions of curing
 n - 2 potions of attraction
 o - 9 potions of heal wounds
 p - a potion of resistance
 q - a potion of magic
 s - 4 potions of invisibility
 u - 5 potions of flight
 x - 3 potions of cancellation
 B - a potion of berserk rage {unknown}
 L - a potion of brilliance {unknown}
Miscellaneous
 M - a phantom mirror


   Skills:
 + Level 10.5 Fighting
 - Level 14.0 Maces & Flails
 - Level 7.3 Armour
 - Level 3.6 Shields
 - Level 9.2 Invocations
 - Level 4.0 Evocations


You had 10 spell levels left.
You didn't know any spells.
Your spell library contained the following spells:

 Spells                   Type           Power      Damage    Failure   Level
 Blink                    Tloc           0%         N/A       65%         2
 Cigotuvi's Dreadful Rot  Necr/Pois/Air  0%         N/A       65%         2
 Poisonous Vapours        Pois/Air       0%         N/A       65%         2
 Inner Flame              Hex/Fire       0%         N/A       87%         3
 Mephitic Cloud           Conj/Pois/Air  0%         N/A       87%         3
 Flame Wave               Conj/Fire      0%         2d4       99%         4
 Manifold Assault         Tloc           0%         N/A       99%         4
 Petrify                  Tmut/Erth      0%         N/A       99%         4
 Sticky Flame             Conj/Fire      0%         2d3       99%         4
 Metabolic Englaciation   Hex/Ice        0%         N/A       100%        5
 Statue Form              Tmut/Erth      0%         N/A       100%        6
 Storm Form               Tmut/Air       0%         N/A       100%        7


Dungeon Overview and Level Annotations

Branches:
Dungeon (10/15) Zot: 1590  Temple (0/1) D:6            Lair (0/5) D:9
  Sewer (visited)         Ossuary (visited)
    Orc: D:9-12

Altars:
Ashenzari
Makhleb
Qazlal
Ru
Sif Muna
Uskayaw
Wu Jian
Yredelemnul

Annotations:
D:4 2 transporters, oldplebian's ghost, novice GnCA
D:9 1 runed translucent door, Lodul


Innate Abilities, Weirdness & Mutations

You passively map the area around you.
You are easily found by Zot.
You glow in the dark.
You regain HP and MP as you explore.


Message History

There is an open door here.
(D) Dungeon (T) Temple (L) Lair
Where to? (Enter - D:10, ? - help)
Things that are here:
a +0 giant spiked club; a +0 giant club; a two-headed ogre corpse
There is a stone staircase leading down here.
You climb downwards.
Lodul shouts!
The ogre shouts! x7; You hear a bellow! x3; You hear a shout! x2
Found a ring mail.
There is a stone staircase leading up here.
There are monsters nearby!
Unknown command.
There are monsters nearby!
You thump the ogre!
The ogre is moderately wounded.
There are monsters nearby!
You sock the ogre!
The ogre is almost dead.
The ogre barely misses you.
The ogre hits you with a +0 giant club!!
* * * LOW HITPOINT WARNING * * *
Lodul hits you with a +1 dire flail of draining!!
* * * LOW HITPOINT WARNING * * *
You feel drained.
* * * LOW HITPOINT WARNING * * *
The ogre hits you with a +0 giant club!
* * * LOW HITPOINT WARNING * * *
You block the ogre's attack.
You climb upwards.
Level annotation: 1 runed translucent door
There is a stone staircase leading down here.
Unknown command.
As you read the scroll of teleportation, it crumbles to dust.
You feel strangely unstable. You block Lodul's attack.
The ogre hits you with a +0 giant club!!
* * * LOW HITPOINT WARNING * * *
The ogre attacks as you move away! You block the ogre's attack.
Electricity crackles from Lodul's apparatus.
The bolt of lightning hits you!
You die...

#...........#.........#...#......
#....######.#.........#...#######
#....# #.###.......'.......)..
##...# #...#......)#..........
#...# #...#.......#...#######
#...######...#O......#...#......
#............#O......#...#......
#..###'#####.#.O.....#...#......
##..#.......#.#.@.....#...#......
....'.......#.#.......#...#######
....#.......#.####'####..........
....#########...............#'##.
...............##########...#....
...............# #...#....
...............# #...#....
...............# #...#....
...............##########...#.#.#


You could see Lodul and 2 ogres.

Vanquished Creatures
  A two-headed ogre (D:9)
  A komodo dragon (D:9)
  A hornet (D:7)
  20 yaks
  2 steam dragons (D:7)
  A vampire mosquito (D:9)
  An acid dragon (D:9)
  A water moccasin (D:7)
  Duvessa (D:5)
  A sky beast (D:7)
  Pargi (Sewer)
  An orc warrior (D:7)
  3 centaurs
  2 phantoms (D:5)
  A kobold brigand (D:8)
  4 bullfrogs
  4 scorpions
  Dowan (D:5)
  8 wights
  3 killer bees (D:8)
  5 howler monkeys
  3 jellies
  4 hounds
  3 gnoll boudas
  2 orc priests
  A sleepcap (D:6)
  4 iguanas
  2 orc wizards
  9 mummies
  12 gnolls
  3 adders
  2 ufetubi
  A worm (D:4)
  2 dart slugs
  22 orcs
  3 bats
  2 endoplasms (D:3)
  7 giant cockroaches
  3 gnoll zombies (Ossuary)
  2 hobgoblins (D:2)
  3 jackals (D:5)
  12 kobolds
  4 quokkas (D:2)
  12 ball pythons
  8 frilled lizards
  7 goblins
  3 hobgoblin zombies (Ossuary)
  2 kobold zombies (Ossuary)
  5 rats
  A spectral orc (D:9)
207 creatures vanquished.

Vanquished Creatures (collateral kills)
  A yak (D:8)
1 creature vanquished.

Vanquished Creatures (others)
  A yak (D:8)
  A killer bee (D:8)
  3 orcs (D:7)
  8 plants (D:9)
13 creatures vanquished.

Grand Total: 221 creatures vanquished

Notes
Turn   | Place    | Note
-------+----------+-------------------------------------------
     0 | D:1      | lunkers the Meteoran Fighter began the quest for the Orb.
     0 | D:1      | Reached XP level 1. HP: 19/19 MP: 2/2
    30 | D:1      | Reached skill level 3 in Maces & Flails
    66 | D:1      | Reached XP level 2. HP: 26/26 MP: 3/3
   230 | D:2      | Reached skill level 4 in Maces & Flails
   253 | D:2      | Reached XP level 3. HP: 31/31 MP: 4/4
   297 | D:2      | Found a burning altar of Makhleb.
   305 | D:2      | Became a worshipper of Makhleb the Destroyer
   432 | D:2      | Reached skill level 5 in Maces & Flails
   432 | D:2      | Reached XP level 4. HP: 38/38 MP: 5/5
   708 | D:3      | Found a faded altar of an unknown god.
   808 | D:3      | Found a hide-covered altar of Uskayaw.
   881 | D:3      | Found an ornate altar of the Wu Jian Council.
  1110 | D:4      | Noticed a scorpion
  1120 | D:4      | Killed a scorpion
  1121 | D:4      | Reached skill level 6 in Maces & Flails
  1121 | D:4      | Reached XP level 5. HP: 38/45 MP: 6/6
  1125 | D:4      | Reached * piety under Makhleb
  1126 | D:4      | Reached skill level 7 in Maces & Flails
  1190 | D:4      | Reached XP level 6. HP: 49/51 MP: 7/7
  1224 | D:4      | Found a transporter.
  1226 | D:4      | Noticed oldplebian's ghost (novice GnCA)
  1240 | D:4      | Found a transporter.
  1260 | D:4      | Found a glowing drain.
  1286 | Sewer    | Entered a sewer
  1360 | Sewer    | Noticed Pargi
  1370 | Sewer    | Killed Pargi
  1371 | Sewer    | Reached skill level 8 in Maces & Flails
  1540 | D:4      | Reached XP level 7. HP: 43/57 MP: 8/8
  1542 | D:4      | Reached skill level 9 in Maces & Flails
  1621 | D:5      | Entered Level 5 of the Dungeon
  1665 | D:5      | Reached skill level 10 in Maces & Flails
  1693 | D:5      | Reached ** piety under Makhleb
  1765 | D:5      | Reached XP level 8. HP: 50/63 MP: 9/9
  1789 | D:5      | Noticed Duvessa
  1790 | D:5      | Reached skill level 11 in Maces & Flails
  1803 | D:5      | Noticed Dowan
  1809 | D:5      | Killed Duvessa
  1823 | D:5      | Killed Dowan
  1970 | D:5      | Found a sand-covered staircase.
  1976 | Ossuary  | Entered an ossuary
  2009 | Ossuary  | Reached skill level 12 in Maces & Flails
  2575 | D:6      | Gained mutation: You passively map the area around you.
                  | [Meteoran growth]
  2575 | D:6      | Reached XP level 9. HP: 64/71 MP: 10/10
  2596 | D:6      | Reached *** piety under Makhleb
  2648 | D:6      | Found a staircase to the Ecumenical Temple.
  2800 | D:7      | Reached skill level 1 in Invocations
  2837 | D:7      | Reached skill level 13 in Maces & Flails
  2940 | D:7      | Reached skill level 5 in Armour
  2997 | D:7      | Noticed a hornet
  3011 | D:7      | Killed a hornet
  3012 | D:7      | Reached skill level 5 in Fighting
  3126 | D:7      | Reached XP level 10. HP: 62/81 MP: 13/13
  3295 | D:7      | Reached skill level 14 in Maces & Flails
  3424 | D:8      | Reached skill level 5 in Invocations
  3520 | D:8      | Found a broken altar of Ashenzari.
  3670 | D:8      | Found a stormy altar of Qazlal.
  3670 | D:8      | Found a shimmering blue altar of Sif Muna.
  3708 | D:8      | Reached skill level 1 in Evocations
  3776 | D:8      | Reached **** piety under Makhleb
  3849 | D:8      | Reached XP level 11. HP: 93/93 MP: 17/17
  4354 | D:9      | Noticed a two-headed ogre
  4659 | D:9      | Found a runed translucent door.
  4660 | D:9      | Noticed a centaur warrior
  4700 | D:9      | Found a basalt altar of Yredelemnul.
  4751 | D:9      | Found a sacrificial altar of Ru.
  4772 | D:9      | Reached skill level 10 in Fighting
  4823 | D:9      | Found a staircase to the Lair.
  5022 | D:9      | Killed a two-headed ogre
  5033 | D:10     | Entered Level 10 of the Dungeon
  5033 | D:10     | Noticed Lodul
  5039 | D:9      | HP: 1/97 [ogre/+0 giant club[Lodul] (19)]
  5040 | D:9      | Killed from afar by Lodul

Illustrated notes

Levels and vault maps discovered:
D:1:      dpeg_arrival_lava_temple_mockup, layout_basic
D:2:      minmay_angry_zag, layout_rooms, basic_altar, minmay_cupped
D:3:      layout_loops_corners, mainiacjoe_overflow_small_starburst,
          mainiacjoe_overflow_tiny_flanked,
          hellmonk_ecumenical_altar_heavens_door, st_stairs_7,
          hangedman_decor_points
D:4:      layout_loops_cross, mainiacjoe_overflow_surrounded_room,
          gammafunk_ghost_stat_death, cheibrodos_sewer_entry_drain,
          serial_shops, shop, kennysheep_opposing_triangles
D:5:      layout_rooms, gup_ossuary_entry_pyramid, uniq_duvessa
D:6:      layout_rooms, minmay_temple_entry_large_hall
D:7:      layout_basic
D:8:      layout_gridville, lemuel_doored_altar, gammafunk_temple_overflow_wave,
          minivault_27, grunt_ministairs_7, serial_park_tiny_2
D:9:      layout_irregular_city, amcnicky_altar_gilded,
          yredelemnul_forgotten_temple_becter, david_lair_shrubbed,
          hangedman_decor_peaks_small, minivault_13
D:10:     layout_rooms, nicolae_gozag_seed_capital, lemuel_crystal_altar,
          dk_xom_monty_hall, uniq_fannar, uniq_grum, uniq_lodul, uniq_snorg,
          uniq_urug

Skill      XL: |  1  2  3  4  5  6  7  8  9 10 11 |
---------------+----------------------------------+-----
Maces & Flails | 3 4 5 6 7 8 10 12 13 14 | 14.0
Armour         | 4 5 7 |  7.3
Fighting       | 5 7 10 | 10.5
Invocations    | 3 7 9 |  9.2
Evocations     | 3 4 |  4.0
Shields        | |  3.6

Action                     |  1- 3 |  4- 6 |  7- 9 | 10-12 || total
---------------------------+-------+-------+-------+-------++-------
  Melee: Flail             |    88 |   149 |   320 |   268 ||   825
         Morningstar       |       |       |       |    78 ||    78
  Evoke: Wand              |       |       |       |     5 ||     5
    Use: Scroll            |       |     9 |    10 |     5 ||    24
 Armour: Scale mail        |    56 |    65 |       |       ||   121
         Troll leather arm |       |    10 |   132 |   154 ||   296
  Dodge: Dodged            |    59 |    55 |   103 |   134 ||   351
  Block: Buckler           |    27 |    34 |    46 |    92 ||   199

Table legend: (Time is in decaauts)
 A = Elapsed time spent in this place.
 B = Non-inter-level travel time spent in this place.
 C = Inter-level travel time spent in this place.
 D = Time resting spent in this place.
 E = Time spent auto-exploring this place.
 F = Levels seen in this place.
 G = Mean time per level.
                   A        B        C        D        E       F      G
               +--------+--------+--------+--------+--------+-----+--------+
         Total |   4941 |   4801 |    140 |    107 |   3066 |  12 |  411.8 |
       Dungeon |   4408 |   4268 |    140 |      0 |   2859 |  10 |  440.8 |
         Sewer |    188 |    188 |      0 |      7 |     92 |   1 |  188.0 |
       Ossuary |    345 |    345 |      0 |    100 |    115 |   1 |  345.0 |
               +--------+--------+--------+--------+--------+-----+--------+

Top non-repeatable levels by time:
     D:9: 829 daAuts
     D:8: 789 daAuts
     D:3: 650 daAuts
     D:7: 529 daAuts
     D:5: 417 daAuts
     D:6: 368 daAuts
 Ossuary: 345 daAuts
     D:4: 333 daAuts
     D:2: 271 daAuts
     D:1: 216 daAuts
   Sewer: 188 daAuts
    D:10: 3 daAuts
